Map: Eternal Empire LE

Players

antagomiR - Winner!

  • Race: Protoss Protoss
  • League: Gold
  • Spawn Location: 7:00

drako

  • Race: Terran Terran
  • League: Platinum
  • Spawn Location: 1:00

VOD

Have the link to the VOD?

Description

Time

  • Played on: April 18, 2020, 4:27 p.m.
  • Length: 8:35
Show
View Real Time Build Order
Export as new Build Order

antagomiR Protoss - Winner!

Build Orders:  

Get SALT Encoding   

  12  0:01  Probe  
  13  0:13  Probe  
  14  0:18  Pylon  
  14  0:25  Probe  
  15  0:39  Probe (Chrono Boost), Gateway  
  17  0:50  Probe (Chrono Boost)  
  17  0:51  Assimilator  
  17  0:54  Probe (Chrono Boost)  
  18  1:05  Probe  
  18  1:08  Assimilator  
  19  1:18  Probe  
  20  1:30  Probe  
  21  1:36  Cybernetics Core  
  21  1:39  Pylon  
  21  1:50  Probe  
  22  2:05  Probe  
  22  2:12  Warp Gate (Chrono Boost)  
  22  2:13  Robotics Facility  
  22  2:18  Probe  
  23  2:29  Nexus  
  23  2:30  Probe  
  23  2:32  Adept (Chrono Boost)  
  26  2:52  Probe  
  26  2:55  Pylon  
  27  3:02  Observer  
  28  3:10  Stalker (Chrono Boost)  
  28  3:23  Observer  
  29  3:33  Stalker  
  18  6:07  Nexus  
Show
View Real Time Build Order
Export as new Build Order

drako Terran 

Build Orders: Gas First Reaper Expand 

Get SALT Encoding   

  12  0:01  SCV  
  13  0:13  SCV  
  14  0:21  Supply Depot  
  14  0:26  Refinery  
  14  0:29  SCV  
  15  0:43  Barracks  
  15  0:52  SCV  
  16  1:04  SCV  
  17  1:31  Reaper  
  18  1:36  Command Center  
  18  1:38  SCV  
  19  1:50  SCV  
  20  2:02  SCV  
  21  2:20  Factory  
  21  2:27  Marine  
  22  2:32  Supply Depot  
  22  2:37  Supply Depot  
  22  2:45  Marine  
  23  3:02  Marine  
  24  3:20  Marine  
  25  3:38  Marine  
Tags
 
Add a new tag
Caveats
  • Supply blocks, unpowered buildings, or Contaminate may cause inaccurate times.
  • Supply counts are checked every 10 seconds.